 Dungeon Crawl Stone Soup version 0.20.1-1-g8b1a95d (webtiles) character file.

163080 Ladykiller69 the Peltast (level 18, -5/149 HPs)
             Began as a Formicid Hunter on July 19, 2017.
             Was a High Priest of Cheibriados.
             Slain by a manticore (15 damage)
             ... on level 4 of the Shoals.
             The game lasted 02:00:37 (29891 turns).

Ladykiller69 the Peltast (Formicid Hunter)         Turns: 29891, Time: 02:00:37

Health: -5/149     AC: 17    Str: 36    XL:     18   Next: 45%
Magic:  2/27       EV: 12    Int: 26    God:    Cheibriados [*****.]
Gold:   2431       SH: 23    Dex: 23    Spells: 15/17 levels left

rFire    + + +     SeeInvis +   a - +3 battleaxe
rCold    + . .     Gourm    .   S - +0 large shield
rNeg     + . .     Faith    +   P - +3 plate armour {rF+}
rPois    +         Spirit   .   (helmet unavailable)
rElec    +         Reflect  .   B - scarf {rC+ rF+}
rCorr    .         Harm     .   (no gloves)
MR       ++...                  Z - +0 pair of boots
Stlth    ..........             D - amulet "Cewe Foti" {Faith +Fly rF++ Slay+5 SInv}
Regen    0.4/turn               R - ring of positive energy
MPRegen  0.2/turn               m - ring of poison resistance

@: barbed spikes, starving, drained, very slow
A: permanent stasis, dig shafts and tunnels, four strong arms, antennae 3, magic
resistance 1, electricity resistance, strong 1, sturdy frame 1
a: Dig, Shaft Self, Bend Time, Temporal Distortion, Slouch, Step From Time,
Renounce Religion, Evoke Flight


You were on level 4 of the Shoals.
You worshipped Cheibriados.
Cheibriados was extremely pleased with you.
You were starving.

You visited 4 branches of the dungeon, and saw 27 of its levels.
You also visited: Labyrinth and Volcano.

You collected 2989 gold pieces.
You spent 558 gold pieces at shops.

Inventory:

Hand Weapons
 a - a +3 battleaxe (weapon)
 w - a +0 arbalest
Missiles
 d - 112 bolts
 i - 6 throwing nets (quivered)
Armour
 B - a scarf of resistance (worn)
 G - a +2 pair of gloves of archery
 P - a +3 plate armour of fire resistance (worn)
 S - a +0 large shield (worn)
 T - the -4 pair of gloves of Bitterness {-Tele rPois Dex+10 SInv}
   (You found it on level 4 of the Shoals)

   It affects your dexterity (+10).
   It protects you from poison.
   It lets you see invisible.
   It prevents most forms of teleportation.
 Z - a +0 pair of boots (worn)
Jewellery
 m - a ring of poison resistance (right hand)
 u - an uncursed ring of resist corrosion
 D - the amulet "Cewe Foti" (around neck) {Faith +Fly rF++ Slay+5 SInv}
   (You found it on level 12 of the Dungeon)

   [amulet of faith]

   It allows you to gain divine favour quickly.
   It affects your accuracy and damage with ranged weapons and melee attacks
   (+5).
   It greatly protects you from fire.
   It lets you see invisible.
   It lets you fly.
 R - a ring of positive energy (left hand)
Wands
 c - a wand of iceblast (1/15)
 h - a wand of digging (4/24)
 p - a wand of scattershot (4/9)
 v - a wand of acid (5/15)
 C - a wand of lightning (8/15)
 U - a wand of acid (11/15)
 X - a wand of iceblast (6/15)
 Y - a wand of iceblast (5/15)
Scrolls
 b - 7 scrolls of fear
 l - 3 scrolls of magic mapping
 x - a scroll of holy word
 y - a scroll of silence
 z - 5 scrolls of remove curse
 F - 8 scrolls of recharging
 H - 4 scrolls of enchant weapon
 I - a scroll of summoning
 K - 3 scrolls of enchant armour
 O - a scroll of acquirement
 W - 5 scrolls of amnesia
Potions
 e - 3 potions of heal wounds
 j - a potion of cancellation
 k - 4 potions of curing
 n - 3 potions of might
 o - 4 potions of magic
 t - 4 potions of mutation
 A - 3 potions of brilliance
 E - 5 potions of agility
 J - 2 potions of invisibility
 M - 12 potions of flight
 Q - 4 potions of lignification
Books
 g - a book of Clouds

   Spells                             Type                      Level
   a - Poisonous Vapours              Poison/Air                   2
   b - Mephitic Cloud                 Conjuration/Poison/Air       3
   c - Conjure Flame                  Conjuration/Fire             3
   d - Freezing Cloud                 Conjuration/Ice/Air          6
   e - Ring of Flames                 Charms/Fire                  7
Miscellaneous
 s - a sack of spiders
 L - a lightning rod (inert)
 N - a lamp of fire
Comestibles
 f - 16 bread rations
 q - 22 royal jellies
 r - 13 fruits
 V - 6 meat rations


   Skills:
 * Level 15.3(14.0) Fighting
 * Level 13.8(12.6) Axes
 * Level 14.4(13.2) Crossbows
 + Level 7.4(6.3) Armour
 + Level 5.4(4.4) Dodging
 - Level 1.2(0.3) Stealth
 - Level 15.3(14.0) Shields
 - Level 13.1(11.8) Invocations
 + Level 7.0(6.0) Evocations


You had 15 spell levels left.
You knew the following spells:

 Your Spells              Type           Power        Failure   Level  Hunger
a - Apportation           Tloc           #.....       56%         1    ##.....
b - Summon Butterflies    Summ           #.......     56%         1    ##.....


Dungeon Overview and Level Annotations

Branches:
Dungeon (15/15)            Temple (0/1) D:6            Lair (6/6) D:11
 Shoals (4/4) Lair:3       Spider (0/4) Lair:4        Slime (0/5) Lair:6
    Orc (2/2) D:9             Elf (0/3) Orc:2        Vaults (0/5) D:13
 Depths (0/5) D:15

Altars:
Cheibriados
Elyvilon
Fedhas
Kikubaaqudgha
Nemelex Xobeh
Okawaru
Trog
Uskayaw
Beogh

Shops:
D:9 ?   D:10 [   D:11 %   Orc:1 }   Orc:2 *=[(   Shoals:2 %

Annotations:
Shoals:4 MrModeste's ghost, adept MiFi


Innate Abilities, Weirdness & Mutations

You cannot be hasted, slowed, berserked, paralysed or teleported.
You can dig through walls and to a lower floor.
Your four strong arms can wield two-handed weapons with a shield.
You have a pair of large antennae on your head. (SInv)
You are resistant to hostile enchantments. (MR+)
You are resistant to electric shocks. (rElec)
Your muscles are strong. (Str +2)
Your movements are slightly less encumbered by armour. (ER -2)


Message History

You step out of the flow of time.
You return to the normal time flow.
You are starving!
Cheibriados lowers the support of your attributes as your movement quickens.
You block the manticore's attack. x3
Wield which item (- for none, * to show all)? (? for menu, Esc to quit)
a - a +3 battleaxe (weapon)
You barely miss the manticore. You block the manticore's attack.
The manticore misses you. x2
A centaur comes into view.
The centaur shouts!
You hit the manticore.
The manticore is lightly wounded.
You block the manticore's attack.
The manticore claws you but does no damage. x2
The centaur wields a shortbow.
The centaur shoots an arrow.
You block the arrow.
You slice the manticore!!
The manticore is almost dead.
The centaur shoots an arrow.
You block the arrow. The manticore bites you!
You die...

≈≈≈≈mm≈≈≈≈≈≈≈≈≈≈
≈≈≈≈m≈≈≈≈≈≈≈≈≈≈≈≈≈
...m≈≈≈≈≈≈≈≈≈≈≈≈≈≈≈≈ ≈≈≈
#.≈≈≈≈≈≈c≈≈≈≈≈≈.≈≈≈≈≈≈≈
#.≈≈≈.≈≈≈≈≈≈≈≈≈≈...≈≈≈≈
#≈≈....(≈≈≈≈(≈≈≈...≈≈≈≈
.≈≈.##(.≈≈≈(≈≈≈# #..≈≈≈
#..≈..####)÷≈≈≈≈≈.###..≈..
#..≈≈..#.@H≈≈≈≈≈≈......≈≈.
######.≈≈≈≈..#..≈≈..≈≈.....≈≈..
......≈≈≈≈≈≈≈<≈≈≈≈≈≈≈≈≈≈≈≈≈)≈..
P..P..P≈≈≈≈≈≈(≈≈≈≈≈≈≈≈≈≈≈≈≈≈≈≈≈.
≈≈≈≈P.≈≈≈≈≈≈≈≈≈≈≈≈≈≈≈≈≈≈≈≈≈<.≈≈≈≈
.PP≈P≈≈.≈≈≈..≈≈≈≈≈≈≈≈≈≈≈≈≈≈≈≈≈)≈≈
≈≈≈≈≈≈..≈.....≈≈≈≈≈≈≈≈≈≈≈[≈≈≈≈≈≈≈
≈≈≈P≈.........≈≈≈≈≈≈≈≈≈≈≈≈≈≈≈≈...
≈≈≈PP.........≈≈≈≈))≈≈≈≈≈≈≈≈≈≈...


You could see a manticore and a centaur.

Vanquished Creatures
  A kraken (Shoals:2)
  Gastronok (Lair:2)
  Kirke (Shoals:1)
  Ilsuiw (Shoals:4)
  2 orc warlords (Orc:2)
  2 dire elephants
  The ghost of Enish the Fighter, a journeyman BaNe of Makhleb (Lair:3)
  A minotaur (Lab)
  3 merfolk javelineers (Shoals:4)
  3 merfolk impalers
  A fire dragon (Lair:6)
  Erolcha (D:10)
  13 hydras
  A rakshasa (D:14)
  A merfolk avatar (Shoals:1)
  3 merfolk aquamancers (Shoals:4)
  3 satyrs
  5 two-headed ogres
  Erica (D:10)
  8 death yaks
  A tengu warrior (D:13)
  3 centaur warriors
  An orc high priest (Orc:2)
  Nergalle (Lair:1)
  2 unseen horrors
  9 sea snakes
  A swamp dragon (Lair:6)
  Pikel (D:6)
  23 harpies
  4 orc knights (Orc:2)
  A wizard (D:14)
  A wolf spider (D:15)
  A necromancer (D:13)
  3 orc sorcerers (Orc:2)
  3 oklob plants
  8 cyclopes
  2 deep elf magi
  18 fauns
  5 manticores
  Maurice (D:10)
  2 centaur zombies
  18 elephants
  7 merfolk sirens
  6 black mambas
  3 gargoyles
  10 water nymphs
  2 torpor snails
  5 rime drakes
  16 spiny frogs
  6 komodo dragons
  An efreet (Volcano)
  A yaktaur (Shoals:2)
  A rime drake (shapeshifter) (D:3)
  A queen bee (Lair:3)
  3 meliai
  4 wind drakes (Shoals:1)
  9 trolls
  12 polar bears
  12 slime creatures
  21 merfolk
  A minotaur skeleton (Lab)
  3 hornets
  15 blink frogs
  A harpy skeleton (D:14)
  2 raiju (Lair:6)
  Prince Ribbit (D:9)
  10 dream sheep
  16 hippogriffs
  5 snapping turtles
  Sigmund (D:2)
  A redback (Lair:4)
  41 yaks
  A spriggan (D:7)
  5 shadows
  9 water elementals
  4 wyverns
  3 fire elementals (Volcano)
  3 hogs
  10 basilisks
  6 hungry ghosts
  9 wargs
  3 steam dragons
  6 vampire mosquitoes (D:14)
  3 soldier ants
  4 acid dragons
  21 water moccasins
  15 porcupines
  17 hell hounds
  A swamp drake (Lair:6)
  27 orc warriors
  An eye of draining (D:15)
  4 sky beasts
  A slave (D:6)
  12 black bears
  5 ice beasts
  11 ogres
  A necrophage (D:10)
  3 phantoms
  29 wolves
  15 centaurs
  10 crocodiles
  18 bullfrogs
  An earth elemental (Lab)
  A wyvern skeleton (D:9)
  4 scorpions
  A water moccasin skeleton (D:11)
  34 killer bees
  4 wights
  3 electric eels (Lair:6)
  6 howler monkeys
  7 crimson imps
  A bullfrog zombie (D:11)
  Crazy Yiuf (D:2)
  18 jellies
  15 orc priests
  2 bullfrog skeletons
  6 hounds
  24 orc wizards
  6 centaur skeletons
  Jessica (D:2)
  8 iguanas
  A hell rat (Lair:3)
  11 worker ants
  3 hound skeletons
  A howler monkey skeleton (D:9)
  6 gnolls
  17 adders
  A shadow imp (D:5)
  An ooze (D:3)
  3 adder skeletons
  2 worms
  4 dart slugs
  7 leopard geckos
  83 orcs
  3 ball pythons
  14 bats
  5 giant cockroaches
  12 goblins
  13 hobgoblins
  6 jackals (D:2)
  5 kobolds
  5 quokkas
  4 frilled lizards
  A frilled lizard (shapeshifter) (D:2)
  A leopard gecko skeleton (D:5)
  A quokka skeleton (D:5)
  26 rats
  A fungus (Lair:4)
  4 plants (Lair:6)
  3 tentacles (Shoals:2)
1023 creatures vanquished.

Vanquished Creatures (others)
  A slave (D:6)
  An orc priest (D:6)
  2 orcs
  10 fungi
  46 plants
  10 tentacles (Shoals:2)
70 creatures vanquished.

Grand Total: 1093 creatures vanquished

Notes
Turn   | Place    | Note
-------+----------+-------------------------------------------
     0 | D:1      | Ladykiller69 the Formicid Hunter began the quest for the Orb.
     0 | D:1      | Reached XP level 1. HP: 16/16 MP: 1/1
    79 | D:1      | Reached XP level 2. HP: 23/23 MP: 2/2
   455 | D:1      | Reached XP level 3. HP: 21/28 MP: 3/3
  1341 | D:2      | Noticed Jessica
  1344 | D:2      | Killed Jessica
  1344 | D:2      | Reached skill level 5 in Crossbows
  1344 | D:2      | Reached XP level 4. HP: 31/35 MP: 4/4
  1520 | D:2      | Found a runed door.
  1525 | D:2      | Noticed Crazy Yiuf
  1529 | D:2      | Killed Crazy Yiuf
  1529 | D:2      | Reached XP level 5. HP: 30/41 MP: 0/5
  1791 | D:2      | Noticed Sigmund
  1802 | D:2      | Killed Sigmund
  1802 | D:2      | Reached XP level 6. HP: 15/49 MP: 6/6
  2633 | D:2      | Reached XP level 7. HP: 55/55 MP: 7/7
  3135 | D:3      | Noticed a rime drake
  3135 | D:3      | a big kobold changed into a rime drake
  3140 | D:3      | Killed a rime drake
  3140 | D:3      | Reached skill level 5 in Fighting
  3397 | D:3      | Found a white marble altar of Elyvilon.
  3687 | D:4      | Reached XP level 8. HP: 64/64 MP: 8/8
  3811 | D:4      | Found a hide-covered altar of Uskayaw.
  4069 | D:4      | Reached skill level 1 in Axes
  4730 | D:4      | Found a snail-covered altar of Cheibriados.
  4760 | D:4      | Became a worshipper of Cheibriados the Contemplative
  4866 | D:4      | HP: 1/65 [orc priest/divine providence (13)]
  4871 | D:4      | You fall through a shaft!
  4871 | D:5      | Entered Level 5 of the Dungeon
  5769 | D:5      | Reached * piety under Cheibriados
  6175 | D:5      | Reached XP level 9. HP: 71/71 MP: 9/9
  6315 | D:5      | Found an ancient bone altar of Kikubaaqudgha.
  6494 | D:6      | Found a bloodstained altar of Trog.
  6500 | D:6      | Reached skill level 5 in Axes
  6614 | D:6      | Noticed Pikel
  6770 | D:6      | Found a staircase to the Ecumenical Temple.
  6812 | D:6      | Gained mutation: You are resistant to hostile enchantments. (MR+) [potion of mutation]
  6812 | D:6      | Gained mutation: You are resistant to electric shocks. (rElec) [potion of mutation]
  6812 | D:6      | Gained mutation: Your movements are slightly less encumbered by armour. (ER -2) [potion of mutation]
  6812 | D:6      | Gained mutation: Your muscles are strong. (Str +2) [potion of mutation]
  6820 | D:6      | Killed Pikel
  6914 | D:6      | Found a blossoming altar of Fedhas.
  6988 | D:6      | Reached ** piety under Cheibriados
  7007 | D:6      | Found an iron altar of Okawaru.
  7133 | D:7      | Reached skill level 1 in Shields
  7269 | D:7      | Reached skill level 1 in Invocations
  7841 | D:7      | Reached XP level 10. HP: 77/80 MP: 11/11
  8107 | D:8      | Reached *** piety under Cheibriados
  8612 | D:9      | Noticed Prince Ribbit
  8623 | D:9      | Killed Prince Ribbit
  8634 | D:9      | Reached skill level 5 in Shields
  8641 | D:9      | Reached skill level 5 in Invocations
  8741 | D:9      | Reached **** piety under Cheibriados
  8866 | D:9      | Reached XP level 11. HP: 64/87 MP: 15/15
  8900 | D:9      | Found a staircase to the Orcish Mines.
  8971 | D:9      | Noticed a two-headed ogre
  8975 | D:9      | Killed a two-headed ogre
  9189 | D:9      | Found Nycos's Magic Scroll Shoppe.
  9215 | D:9      | Bought a scroll of identify for 28 gold pieces
  9433 | D:10     | Entered Level 10 of the Dungeon
  9476 | D:10     | Noticed a two-headed ogre
  9487 | D:10     | Killed a two-headed ogre
  9560 | D:10     | Noticed a two-headed ogre
  9565 | D:10     | Killed a two-headed ogre
  9929 | D:10     | Found Coikes's Antique Armour Emporium.
  9929 | D:10     | Noticed Maurice
  9941 | D:10     | Killed Maurice
  9992 | D:10     | Noticed Erica
 10004 | D:10     | Killed Erica
 10004 | D:10     | Reached ***** piety under Cheibriados
 10030 | D:10     | Bought a steaming cloak for 285 gold pieces
 10030 | D:10     | Bought a pair of glowing gloves for 225 gold pieces
 10049 | D:10     | Identified the +2 cloak of Unuh {*Slow rC+ Int-5 Dex+6} (You bought it in a shop on level 10 of the Dungeon)
 10161 | D:10     | Noticed Erolcha
 10166 | D:10     | Killed Erolcha
 10565 | D:11     | Reached XP level 12. HP: 97/97 MP: 18/18
 10670 | D:11     | Noticed a two-headed ogre
 10710 | D:11     | Killed a two-headed ogre
 10710 | D:11     | Reached skill level 10 in Crossbows
 10775 | D:11     | Found Tioc's Food Shoppe.
 10837 | D:11     | You fall through a shaft for 2 floors!
 10837 | D:13     | Found a gate to the Vaults.
 10891 | D:13     | Reached skill level 10 in Fighting
 11020 | D:13     | Noticed a tengu warrior
 11022 | D:12     | Found a sparkling altar of Nemelex Xobeh.
 11076 | D:12     | Got a clouded tin amulet
 11131 | D:12     | Noticed a five-headed hydra
 11189 | D:12     | Noticed a four-headed hydra
 11728 | D:11     | Identified the amulet "Cewe Foti" {Faith +Fly rF++ Slay+5 SInv} (You found it on level 12 of the Dungeon)
 11761 | D:11     | Reached skill level 10 in Shields
 11875 | D:11     | Found a staircase to the Lair.
 11903 | Lair:1   | Entered Level 1 of the Lair of Beasts
 11913 | Lair:1   | Learned a level 1 spell: Apportation
 11941 | Lair:1   | Noticed Nergalle
 11945 | Lair:1   | Killed Nergalle
 11945 | Lair:1   | Reached skill level 10 in Invocations
 12151 | Lair:1   | Reached XP level 13. HP: 93/104 MP: 20/20
 12290 | Lair:1   | Noticed a five-headed hydra
 12298 | Lair:1   | Killed a five-headed hydra
 12298 | Lair:1   | Reached skill level 1 in Armour
 12639 | Lair:1   | Reached skill level 1 in Evocations
 12712 | Lair:2   | Noticed a four-headed hydra
 12725 | Lair:2   | Killed a four-headed hydra
 12751 | Lair:2   | Reached ****** piety under Cheibriados
 12900 | Lair:2   | Noticed Gastronok
 12911 | Lair:2   | Killed Gastronok
 13614 | Lair:3   | Found a staircase to the Shoals.
 13675 | Lair:3   | Found a dark tunnel.
 13680 | Volcano  | Entered a volcano
 14067 | Lair:3   | Noticed a five-headed hydra
 14073 | Lair:3   | Killed a five-headed hydra
 14132 | Lair:3   | Reached skill level 10 in Axes
 14170 | Lair:3   | Reached XP level 14. HP: 89/113 MP: 22/22
 14600 | Lair:3   | Noticed Enish's ghost (journeyman BaNe)
 14617 | Lair:3   | Killed Enish's ghost
 15367 | Lair:4   | Found a hole to the Spider Nest.
 16902 | Lair:5   | Learned a level 1 spell: Summon Butterflies
 16990 | Lair:5   | Found a runed door.
 17297 | Lair:5   | Reached XP level 15. HP: 111/120 MP: 24/24
 17367 | Lair:6   | Entered Level 6 of the Lair of Beasts
 17519 | Lair:6   | Found a labyrinth entrance.
 17531 | Lab      | Entered a labyrinth
 17724 | Lab      | Identified Sif Muna's Tome of Freezing Ignition
 17774 | Lair:6   | Found a staircase to the Slime Pits.
 19077 | Lair:6   | Reached skill level 15 in Shields
 19718 | D:12     | Reached XP level 16. HP: 129/129 MP: 25/25
 21826 | D:15     | Entered Level 15 of the Dungeon
 22122 | D:15     | Reached skill level 5 in Evocations
 22156 | D:15     | Reached skill level 5 in Armour
 22534 | D:15     | Found a staircase to the Depths.
 22860 | Orc:1    | Entered Level 1 of the Orcish Mines
 22993 | Orc:1    | Found Orohuic's Gadget Boutique.
 23218 | Orc:2    | Entered Level 2 of the Orcish Mines
 23644 | Orc:2    | Reached XP level 17. HP: 56/138 MP: 21/26
 23711 | Orc:2    | Found a roughly hewn altar of Beogh.
 23737 | Orc:2    | Found Deohed's General Store.
 23785 | Orc:2    | Found Veyklien's Antique Weapon Emporium.
 23793 | Orc:2    | Found Nuadulu's Antique Armour Emporium.
 23917 | Orc:2    | Found a staircase to the Elven Halls.
 24075 | Orc:2    | Found Bana's Jewellery Emporium.
 24097 | Orc:2    | Bought a scroll of identify for 20 gold pieces
 24099 | Orc:2    | Identified a scroll of acquirement
 24618 | Shoals:1 | Entered Level 1 of the Shoals
 26506 | Shoals:2 | Noticed Kirke
 26520 | Shoals:1 | Killed Kirke
 27430 | Shoals:2 | Reached skill level 5 in Dodging
 27518 | Shoals:2 | Noticed a kraken
 27534 | Shoals:2 | Killed a kraken
 27583 | Shoals:2 | Found Wunoif's Food Shoppe.
 27597 | Shoals:2 | Reached XP level 18. HP: 143/147 MP: 27/27
 28563 | Shoals:4 | Entered Level 4 of the Shoals
 28591 | Shoals:4 | Got a pair of faintly glowing gloves
 28602 | Shoals:4 | Identified the cursed -4 pair of gloves of Bitterness {-Tele rPois Dex+10 SInv} (You found it on level 4 of the Shoals)
 28604 | Shoals:4 | Noticed MrModeste's ghost (adept MiFi)
 28900 | Shoals:4 | Noticed Ilsuiw
 28902 | Shoals:4 | Reached skill level 15 in Fighting
 28918 | Shoals:4 | Killed Ilsuiw
 29891 | Shoals:4 | Slain by a manticore

Skill      XL: |  1  2  3  4  5  6  7  8  9 10 11 12 13 14 15 16 17 18 |
---------------+-------------------------------------------------------+-----
Dodging        | 2 3 5 |  5.4
Fighting       | 3 4 5 6 8 9 10 11 12 13 14 15 | 15.3
Crossbows      | 5 6 7 8 9 10 11 12 13 14 | 14.4
Axes           | 4 7 8 9 10 11 12 13 | 13.8
Shields        | 2 6 8 10 12 13 15 | 15.3
Invocations    | 2 5 8 10 11 13 | 13.1
Armour         | 3 4 5 7 |  7.4
Evocations     | 3 4 5 6 7 |  7.0
Stealth        | |  1.2

Action                   |  1- 3 |  4- 6 |  7- 9 | 10-12 | 13-15 | 16-18 || total
-------------------------+-------+-------+-------+-------+-------+-------++-------
Melee: Short sword       |   101 |    24 |     8 |       |       |       ||   133
       Quarterstaff      |       |    83 |    79 |       |       |       ||   162
       War axe           |       |       |   276 |   352 |   653 |    24 ||  1305
       Whip              |       |       |       |       |     8 |       ||     8
       Scimitar          |       |       |       |       |     5 |       ||     5
       Battleaxe         |       |       |       |       |       |   548 ||   548
       Unarmed           |       |       |       |       |       |     2 ||     2
 Fire: Hand crossbow     |    10 |    35 |    66 |   247 |   523 |   477 ||  1358
       Arbalest          |       |       |       |       |       |   129 ||   129
Invok: Slouch            |       |       |       |     2 |     1 |     7 ||    10
       Bend Time         |       |       |       |     2 |     7 |     5 ||    14
       Temporal Distorti |       |       |       |       |       |    14 ||    14
       Step From Time    |       |       |       |       |       |     2 ||     2
 Abil: Dig               |       |       |     6 |     7 |     9 |     7 ||    29
       Shaft Self        |       |       |     1 |     1 |       |       ||     2
Evoke: Lightning rod     |       |       |       |       |       |     4 ||     4
       Lamp of fire      |       |       |       |       |       |     1 ||     1
  Use: Scroll            |       |       |     7 |     8 |    12 |     6 ||    33
       Potion            |       |       |     5 |       |       |     4 ||     9
 Stab: Distracted        |       |       |     2 |     2 |       |       ||     4
       Sleeping          |       |       |       |       |     1 |       ||     1
  Eat: Chunk             |     1 |     5 |    13 |    10 |    15 |    19 ||    63
       Fruit             |       |       |     2 |       |       |       ||     2
       Royal jelly       |       |       |       |       |     1 |     2 ||     3
Armor: Leather armour    |    38 |    28 |    19 |       |       |       ||    85
       Chain mail        |       |       |   149 |    30 |       |       ||   179
       Troll leather arm |       |       |       |    17 |       |       ||    17
       Scale mail        |       |       |       |       |    31 |       ||    31
       Ring mail         |       |       |       |       |   124 |    78 ||   202
       Plate armour      |       |       |       |       |       |   120 ||   120
Dodge: Dodged            |    82 |    68 |   160 |    78 |   211 |   259 ||   858
Block: Large shield      |       |       |    29 |   318 |   780 |  1093 ||  2220
       Rpst.: Scimitar   |       |       |       |       |     1 |       ||     1
